Map: Ice and Chrome LE

Players

Osiris

  • Race: Terran Terran
  • League: Diamond
  • Spawn Location: 1:00

Anibal - Winner!

  • Race: Protoss Protoss
  • League: Master
  • Spawn Location: 7:00

VOD

Have the link to the VOD?

Description

Time

  • Played on: June 22, 2020, 5:37 p.m.
  • Length: 12:54
Show
View Real Time Build Order
Export as new Build Order

Osiris Terran 

Build Orders: Reaper Expand 

Get SALT Encoding   

  12  0:01  SCV  
  13  0:13  SCV  
  14  0:17  Supply Depot  
  14  0:25  SCV  
  15  0:39  SCV  
  15  0:40  Barracks  
  16  0:44  Refinery  
  16  0:52  SCV  
  17  1:04  SCV  
  18  1:16  SCV  
  19  1:27  Reaper  
  20  1:33  Orbital Command  
  20  1:42  Command Center  
  20  1:53  Supply Depot  
  20  1:58  SCV  
  20  2:00  Marine  
  22  2:10  SCV  
  23  2:16  Factory  
  23  2:23  Barracks Reactor, Refinery  
  23  2:24  SCV  
  24  2:36  SCV  
  25  2:48  SCV  
  26  2:56  Orbital Command  
  26  3:00  Marine x2, Factory Tech Lab  
  26  3:01  Starport  
  26  3:03  SCV  
  29  3:09  Bunker  
  29  3:15  SCV  
  29  3:18  Marine x2  
  32  3:22  SCV  
  32  3:25  Cyclone  
  36  3:27  SCV  
  36  3:30  Supply Depot  
  37  3:36  SCV  
  37  3:37  Marine x2  
  37  3:41  SCV  
  41  3:44  Viking  
  43  3:49  SCV  
  44  3:57  Marine x2  
  44  3:58  Cyclone  
  44  4:00  SCV  
  50  4:02  Supply Depot  
  50  4:07  SCV  
  51  4:12  SCV  
  51  4:15  Marine x2  
  54  4:24  Viking, SCV  
  57  4:34  Cyclone, Marine x2  
  57  4:37  Supply Depot  
  62  4:40  SCV  
  62  4:57  Refinery  
  62  4:58  Marine  
  62  4:59  Supply Depot  
  63  5:02  Viking, SCV, Command Center  
  63  5:03  SCV  
  63  5:07  Refinery  
  67  5:10  Cyclone  
  67  5:11  Mag-Field Accelerator  
  70  5:20  SCV, Marine x2  
  70  5:21  SCV  
  74  5:22  Supply Depot  
  74  5:33  SCV  
  74  5:35  Starport Tech Lab  
  76  5:42  SCV  
  76  5:43  Factory  
  76  5:47  SCV  
  76  5:49  Supply Depot  
  77  5:51  Factory  
  77  5:55  Cyclone  
  80  5:58  SCV  
  80  5:59  SCV  
  80  6:01  Supply Depot  
  82  6:10  SCV, Engineering Bay  
  83  6:15  Supply Depot  
  83  6:18  Orbital Command  
  83  6:22  SCV  
  83  6:23  SCV  
  85  6:29  Cyclone  
  88  6:35  Hellion x2, Infernal Pre-Igniter  
  88  6:36  Cyclone  
  88  6:37  SCV x2  
  97  6:42  Missile Turret  
  97  6:46  Supply Depot  
  97  6:47  Missile Turret, Orbital Command  
  97  6:54  Refinery  
  97  6:57  Refinery  
  97  6:58  Factory  
  97  6:59  Barracks Tech Lab  
  97  7:02  Starport Reactor  
  97  7:04  Hellion x2  
  97  7:06  Factory  
  97  7:08  Cyclone  
  104  7:09  SCV  
  104  7:13  Supply Depot  
  105  7:22  Cyclone  
  108  7:23  Command Center  
  108  7:25  SCV  
  108  7:26  SCV, Hellion  
  112  7:35  SCV, Hellion  
  115  7:38  SCV  
  115  7:39  SCV  
  117  7:47  SCV  
  118  7:52  Hellion  
  118  7:55  Starport Reactor  
  118  7:57  SCV  
  121  8:00  Supply Depot  
  121  8:05  Supply Depot x2  
  121  8:11  Siege Tank x3  
  121  8:12  Hellion x3  
  136  8:30  Hellion  
  136  8:33  Hellion x3  
  129  8:39  Viking x2  
  110  8:43  SCV, Hellion x2  
  110  8:44  SCV x2  
  108  8:50  Cyclone  
  111  8:59  Hellion x3  
  117  9:14  SCV x2  
  117  9:15  Armory  
  117  9:16  Armory  
  117  9:20  Siege Tank x2  
  117  9:21  Hellion  
  117  9:22  Hellion  
  131  9:31  Hellion x2  
  131  9:32  Cyclone  
  131  9:33  SCV x2  
  136  9:44  Hellion x2  
  140  9:53  Cyclone x2  
  140  9:57  Supply Depot  
  146  10:06  Factory  
  146  10:08  Factory  
  146  10:11  Hellion x3  
  146  10:12  Liberator  
  146  10:13  Liberator  
  146  10:14  Hellion x2  
  146  10:20  Terran Vehicle Weapons Level 1  
  112  10:26  Hellion  
  101  10:38  Hellion x2  
  101  10:39  Hellion x3, Cyclone  
  114  10:48  Siege Tank  
  115  10:56  Factory  
  101  11:08  Hellion x2, Factory Tech Lab x2  
  101  11:09  Hellion x2  
  101  11:10  Hellion  
  95  11:13  Supply Depot  
  95  11:15  Hellion  
  89  11:21  Hellion  
  89  11:24  Planetary Fortress  
  91  11:31  Hellion x2  
  95  11:41  Hellion x2, Siege Tank  
  96  12:02  Hellion x3, Siege Tank x2  
  103  12:08  Orbital Command  
  106  12:14  Refinery  
  102  12:17  Refinery  
  102  12:19  Hellion x2, Siege Tank x2  
  112  12:29  Hellion x2  
  109  12:30  Hellion  
Show
View Real Time Build Order
Export as new Build Order

Anibal Protoss - Winner!

Build Orders: 1 Gate Expand, Phoenix Opening, Zealot Archon 

Get SALT Encoding   

  12  0:00  Probe  
  13  0:13  Probe  
  14  0:17  Pylon  
  14  0:23  Probe  
  15  0:31  Probe  
  15  0:36  Gateway  
  15  0:40  Probe  
  16  0:46  Assimilator  
  17  0:52  Probe  
  19  1:04  Probe  
  19  1:16  Probe  
  20  1:24  Nexus  
  20  1:33  Cybernetics Core  
  20  1:35  Probe  
  21  1:41  Assimilator  
  21  1:48  Probe  
  21  1:51  Pylon  
  22  1:59  Adept  
  22  2:00  Probe  
  23  2:12  Probe  
  26  2:16  Stargate  
  26  2:24  Probe  
  26  2:25  Warp Gate  
  27  2:31  Adept  
  27  2:36  Probe x2  
  31  2:45  Probe x2  
  33  2:55  Probe  
  33  2:56  Probe  
  33  2:57  Phoenix  
  35  3:01  Adept  
  39  3:08  Pylon  
  39  3:10  Probe x2  
  41  3:20  Phoenix  
  41  3:22  Probe x2  
  41  3:25  Gateway  
  45  3:35  Probe, Gateway  
  45  3:36  Probe  
  47  3:45  Pylon  
  47  3:47  Probe  
  47  3:48  Probe  
  49  3:49  Shield Battery  
  49  3:50  Phoenix  
  51  3:59  Probe  
  52  4:04  Probe  
  52  4:09  Phoenix  
  53  4:11  Probe  
  54  4:21  Pylon  
  54  4:23  Adept x2  
  60  4:37  Nexus  
  60  4:41  Probe x2  
  60  4:44  Twilight Council  
  60  4:55  Assimilator  
  60  4:58  Assimilator  
  60  4:59  Gateway  
  60  5:00  Gateway  
  60  5:03  Gateway  
  60  5:06  Pylon  
  60  5:07  Stalker  
  60  5:08  Stalker, Shield Battery  
  60  5:09  Probe x2, Charge  
  66  5:19  Pylon  
  66  5:20  Sentry, Pylon  
  68  5:21  Probe  
  68  5:26  Probe  
  70  5:31  Gateway  
  70  5:42  Probe x2  
  72  5:46  Gateway  
  72  5:47  Stalker x2  
  76  5:54  Probe x2  
  76  5:56  Pylon  
  78  6:02  Zealot x3  
  84  6:07  Pylon  
  84  6:08  Pylon  
  82  6:21  Probe x3  
  85  6:31  Zealot, Gateway  
  85  6:32  Zealot x3  
  93  6:33  Probe x3  
  96  6:45  Probe x3  
  99  6:48  Pylon x2  
  99  6:53  Templar Archives  
  99  6:59  Sentry  
  101  7:01  Zealot x2  
  101  7:02  Zealot x3  
  101  7:03  Zealot x2  
  115  7:10  Probe x3  
  118  7:17  Blink  
  118  7:18  Robotics Facility  
  118  7:28  Zealot x7  
  128  7:37  High Templar  
  128  7:38  High Templar  
  132  7:45  Archon  
  132  7:51  High Templar x2  
  136  7:52  Zealot, High Templar x2  
  136  7:53  Zealot x2  
  136  7:55  Archon  
  136  7:56  Archon  
  146  8:01  Pylon  
  146  8:03  Pylon  
  146  8:05  Pylon  
  146  8:07  Assimilator  
  146  8:12  Zealot, Assimilator  
  148  8:20  Pylon  
  148  8:22  Gateway  
  148  8:24  Gateway  
  142  8:33  Zealot x2  
  142  8:34  Zealot x7  
  94  8:55  Shield Battery  
  88  8:56  Shield Battery  
  88  8:59  Stalker x4  
  88  9:00  Stalker x5  
  106  9:05  Warp Prism  
  102  9:20  Stalker x2  
  106  9:26  Stalker  
  106  9:27  Stalker x5  
  106  9:28  Stalker  
  120  9:36  Zealot x2  
  124  9:46  Zealot  
  124  9:47  Zealot  
  128  9:58  Zealot x4  
  128  9:59  Zealot x5  
  146  10:12  Stalker x2  
  142  10:20  Stalker  
  142  10:21  Stalker x4  
  109  10:53  Zealot x6  
  109  10:54  Zealot x4  
  97  11:29  Nexus, High Templar  
  97  11:30  High Templar  
  97  11:31  High Templar x8  
  117  11:35  Archon x2  
  116  11:40  Archon  
  116  11:41  Archon x2  
  109  12:17  Zealot x4  
  97  12:37  Zealot x9  
  97  12:38  Zealot  
Tags
 
Add a new tag
Caveats
  • Supply blocks, unpowered buildings, or Contaminate may cause inaccurate times.
  • Supply counts are checked every 10 seconds.